 Dungeon Crawl Stone Soup version 0.28.0-43-g3370ac3207 (webtiles) character file.

Game seed: 16237652967064163845

51 croobank the Sneak (level 3, -2/21 HPs)
             Began as an Octopode Fire Elementalist on Mar 21, 2022.
             Slain by an orc wizard
             ... wielding a +0 dagger
              (4 damage)
             ... on level 3 of the Dungeon.
             The game lasted 00:04:20 (1976 turns).

croobank the Sneak (Octopode Fire Elementalist)     Turns: 1976, Time: 00:04:21

Health: -2/21      AC:  1    Str:  7    XL:     3   Next: 83%
Magic:  5/6        EV: 13    Int: 19    God:
Gold:   100        SH:  0    Dex: 12    Spells: 3/6 levels left

rFire   . . .      SeeInvis .   c - +0 war axe
rCold   . . .      Faith    .   (no shield)
rNeg    . . .      Spirit   .   (helmet restricted)
rPois   .          Reflect  .   (no amulet)
rElec   .          Harm     .   (no ring)
rCorr   .          Rampage  .   (no ring)
Will    .....                   (no ring)
Stlth   +++.......              (no ring)
HPRegen 0.07/turn               (no ring)
MPRegen 0.10/turn               (no ring)
                                (no ring)
                                (no ring)

@: no status effects
A: almost no armour, amphibious, 8 rings, camouflage 1, gelatinous body 1,
(nimble swimmer 1), tentacles, deterioration 1
a: no special abilities


You were on level 3 of the Dungeon.
You visited 1 branch of the dungeon, and saw 3 of its levels.

You collected 100 gold pieces.

Inventory:

Hand Weapons
 b - a +0 hunting sling
 c - a +0 war axe (weapon)
 h - a +1 whip of draining
Missiles
 d - 41 stones
 k - 10 bolts
Jewellery
 n - a ring of resist corrosion
Scrolls
 a - a scroll of enchant armour {unknown}
 g - a scroll of vulnerability {unknown}
 l - a scroll of teleportation {unknown}
 m - a scroll of blinking {unknown}
Potions
 f - a potion of might {unknown}
 i - a potion of resistance {unknown}
 j - a potion of curing {unknown}


   Skills:
 + Level 2.4 Dodging
 + Level 3.5 Stealth
 + Level 2.4 Spellcasting
 + Level 1.7 Conjurations
 + Level 3.3 Fire Magic


You had 3 spell levels left.
You knew the following spells:

 Your Spells              Type           Power      Damage    Failure   Level
a - Foxfire               Conj/Fire      48%        2x1d6     5%          1
b - Scorch                Fire           30%        2d6       6%          2

Your spell library contained the following spells:

 Spells                   Type           Power      Damage    Failure   Level
 Conjure Flame            Conj/Fire      12%        6-21      17%         3
 Inner Flame              Hex/Fire       8%         N/A       24%         3
 Flame Wave               Conj/Fire      12%        2d6       50%         4


Dungeon Overview and Level Annotations

Branches:
Dungeon (3/15)

Altars:
Dithmenos


Innate Abilities, Weirdness & Mutations

You cannot wear most types of armour.
You are amphibious.
You can wear up to eight rings at the same time.
Your skin changes colour to match your surroundings (Stealth+).
Your rubbery body absorbs attacks. (AC +1, EV +1)
((You are camouflaged when in or above water. (Stealth+)))
You have tentacles for arms and can constrict up to eight enemies at once.
Your body sometimes deteriorates upon taking damage.


Message History

m - a scroll labelled PESEPPAOTH
Found a stone staircase leading down.
Found a stone staircase leading down.
An orc wizard comes into view. It is wielding a +0 dagger.
The orc wizard shouts!
The orc shouts!
The orc wizard gestures at you while chanting.
The magic dart hits you.
You hear a shout!
You see here a ring of resist corrosion.
n - a ring of resist corrosion
Casting: Foxfire (safe; 6% risk of failure)
Confirm with . or Enter, or press ? or * to list all spells.
You conjure some foxfire!
The foxfire hits the orc.
The orc is moderately wounded.
The orc wizard casts a spell at you. You resist with significant effort.
The foxfire hits the orc.
You kill the orc!
Casting: Foxfire (safe; 5% risk of failure)
Confirm with . or Enter, or press ? or * to list all spells.
You conjure some foxfire!
The foxfire hits the orc wizard.
The orc wizard is lightly wounded.
The orc wizard gestures at you while chanting.
The puff of flame hits you!
The foxfire hits the orc wizard but does no damage.
The orc wizard is lightly wounded.
Casting: Foxfire (safe; 5% risk of failure)
Confirm with . or Enter, or press ? or * to list all spells.
You don't know that spell.
You closely miss the orc wizard. Your grab misses the orc wizard.
The orc wizard is lightly wounded.
The orc wizard points at you and mumbles some strange words.
The magic dart hits you!
* * * LOW HITPOINT WARNING * * *
Unknown command.
It was a potion of mutation.
You feel extremely strange.
You feel yourself wasting away.
The orc wizard hits you with a +0 dagger.
You die...

.[#.##.##..........##
.........#
#.†..oo.....>.......
.###.......
###.##.##.........#
........... .#
##...)....## # #...)...
# #..........# .#
##..<.<# #
#..........#.# #.
##...## #.
#............##.. ##..##
#..#......o...###..
#..## #.........@..# #.#
#.## ##.#........####.#
#.# #.##.....>##
#..####.# # #
#....######.......# ##
#.....#..........####.##
#. ....#.....##..#####
#..# #. ......###.##.##
##.# #. .###.# #.#..#
###### #. ....## ##_##


You could see an orc wizard.

Vanquished Creatures
  2 adders (D:2)
  A worm (D:2)
  An orc (D:3)
  2 bats
  3 endoplasms
  3 goblins
  5 hobgoblins
  4 kobolds
  A quokka (D:1)
  2 ball pythons (D:1)
  2 frilled lizards (D:2)
  3 rats
29 creatures vanquished.

Vanquished Creatures (others)
  53 foxfires
53 creatures vanquished.

Grand Total: 82 creatures vanquished

Notes
Turn   | Place    | Note
-------+----------+-------------------------------------------
     0 | D:1      | croobank the Octopode Fire Elementalist began the quest for
                  | the Orb.
     0 | D:1      | Reached XP level 1. HP: 11/11 MP: 3/3
   328 | D:1      | Reached XP level 2. HP: 17/17 MP: 3/5
   331 | D:1      | Learned a level 2 spell: Scorch
  1180 | D:2      | Reached XP level 3. HP: 21/21 MP: 1/6
  1563 | D:2      | Identified the +1 leather armour of Greed {Contam Fly rPois
                  | rCorr}
  1574 | D:2      | Identified the +0 robe "Wihunk" {Str+3}
  1705 | D:3      | Noticed an orc warrior
  1925 | D:3      | Found a shadowy altar of Dithmenos.
  1971 | D:3      | HP: 1/21 [orc wizard/magic dart (9)]
  1976 | D:3      | Gained mutation: Your body sometimes deteriorates upon
                  | taking damage. [potion of mutation]
  1976 | D:3      | Slain by an orc wizard

Illustrated notes

Levels and vault maps discovered:
D:1:      nagdon_arrival_zigzag_paths, layout_basic
D:2:      layout_loops_ring
D:3:      layout_rooms, nicolae_overflow_hidden_temple,
          hangedman_abyss_or_decor_stabs

Skill      XL: |  1  2 |
---------------+-------+-----
Stealth        | 3 |  3.5
Dodging        | |  2.4
Spellcasting   | |  2.4
Conjurations   | |  1.7
Fire Magic     | |  3.3

Action                   || total
-------------------------++-------
Melee: War axe           ||    16
       Constrict         ||     5
       Tentacles         ||     2
 Cast: Foxfire           ||    31
       Scorch            ||     8
  Use: Potion            ||     1
 Stab: Sleeping          ||     1
Armor: Skin              ||     1
Dodge: Dodged            ||    11
